Map: Cyber Forest LE

Players

Harstem

  • Race: Protoss Protoss
  • Spawn Location: 5:00

Zanster - Winner!

  • Race: Zerg Zerg
  • Spawn Location: 11:00

Event: 2019 WCS Summer

VOD

Have the link to the VOD?

Description

Time

  • Played on: July 12, 2019, 9:47 a.m.
  • Length: 33:40

All games in this series

Show
View Real Time Build Order
Export as new Build Order

Harstem Protoss 

Build Orders: 1 Gate Expand, Archon Immortal, Archon Drop, Dark Templar Rush 

Get SALT Encoding   

  12  0:00  Probe  
  13  0:12  Probe  
  14  0:18  Pylon  
  14  0:25  Probe  
  15  0:33  Probe  
  15  0:40  Gateway  
  15  0:41  Probe  
  17  0:51  Probe  
  17  0:55  Assimilator  
  18  1:03  Probe  
  19  1:15  Probe  
  20  1:31  Nexus  
  20  1:37  Cybernetics Core  
  20  1:40  Probe  
  20  1:46  Assimilator  
  21  1:52  Probe  
  22  1:57  Pylon  
  22  2:04  Probe  
  22  2:06  Adept  
  23  2:12  Probe  
  23  2:20  Probe  
  23  2:21  Twilight Council  
  27  2:30  Warp Gate  
  27  2:31  Probe  
  28  2:37  Stalker  
  28  2:43  Probe x2  
  32  2:51  Robotics Facility  
  32  2:55  Probe  
  32  2:57  Probe  
  34  3:07  Probe  
  34  3:11  Probe  
  36  3:19  Probe, Dark Shrine  
  37  3:22  Gateway  
  37  3:24  Probe  
  38  3:31  Probe  
  39  3:34  Gateway  
  39  3:35  Warp Prism  
  39  3:36  Gateway  
  39  3:37  Probe  
  40  3:48  Probe  
  43  3:53  Probe, Pylon  
  44  3:57  Assimilator  
  44  4:00  Probe, Assimilator  
  45  4:06  Probe, Pylon  
  46  4:12  Probe, Pylon  
  47  4:18  Probe, Adept  
  50  4:25  Probe  
  50  4:30  Probe  
  52  4:37  Probe  
  53  4:39  Dark Templar x2  
  53  4:40  Dark Templar x2  
  53  4:43  Archon x2  
  53  4:45  Probe  
  62  4:50  Observer  
  63  4:53  Pylon  
  63  5:03  Immortal  
  63  5:05  Nexus  
  63  5:13  Probe  
  68  5:18  Probe  
  68  5:19  Forge  
  69  5:21  Sentry x2  
  69  5:24  Pylon  
  69  5:26  Probe  
  74  5:33  Immortal  
  74  5:36  Phoenix x2  
  74  5:38  Probe  
  74  5:39  Probe  
  76  5:46  Protoss Ground Weapons Level 1  
  76  5:48  Probe, Gateway  
  76  5:49  Gateway  
  76  5:51  Probe  
  76  5:56  Probe  
  78  5:59  Charge, Probe  
  80  6:04  Sentry  
  80  6:08  Probe  
  80  6:10  Probe, Templar Archives  
  84  6:12  Immortal  
  84  6:13  Pylon  
  84  6:18  Probe  
  85  6:23  Probe  
  85  6:25  Probe  
  92  6:33  Assimilator  
  92  6:35  Probe  
  92  6:36  Assimilator  
  92  6:37  Probe  
  93  6:40  Gateway x2  
  93  6:45  Zealot x2  
  98  6:47  Probe  
  98  6:50  Probe, Pylon  
  98  6:52  Probe  
  100  6:57  Psionic Storm  
  100  7:00  Probe  
  101  7:01  High Templar  
  101  7:03  Probe, Pylon  
  101  7:04  Probe  
  105  7:10  High Templar  
  105  7:12  Probe, Pylon  
  105  7:15  Probe  
  109  7:16  Archon  
  109  7:21  High Templar  
  109  7:22  High Templar  
  108  7:23  Zealot x2  
  108  7:25  Immortal  
  110  7:31  Probe x2  
  110  7:35  Probe  
  117  7:38  Pylon  
  117  7:43  Gateway  
  117  7:47  Gateway  
  117  7:49  High Templar x2  
  121  7:53  Photon Cannon  
  121  7:54  Photon Cannon, Probe  
  121  7:56  Photon Cannon, Shield Battery  
  122  8:02  Pylon  
  122  8:09  Protoss Ground Weapons Level 2  
  122  8:11  Probe, High Templar  
  125  8:16  Zealot x5  
  125  8:17  Photon Cannon  
  135  8:21  Pylon  
  135  8:27  Immortal  
  135  8:29  Zealot x2  
  137  8:38  Zealot x4  
  137  8:39  Zealot x2  
  146  8:55  High Templar x3  
  146  8:57  Zealot  
  146  8:59  Pylon  
  148  9:09  Nexus  
  148  9:16  Zealot x5  
  148  9:17  Zealot  
  158  9:18  Immortal  
  156  9:27  Probe  
  156  9:28  Stalker x2  
  159  9:31  Probe  
  159  9:33  Pylon  
  159  9:34  Dark Templar  
  159  9:36  Pylon  
  156  9:40  Pylon  
  152  9:48  Zealot x5  
  152  9:50  Zealot  
  162  10:05  Dark Templar  
  162  10:06  Zealot x2, Dark Templar  
  158  10:15  Zealot x5  
  156  10:23  Zealot  
  144  10:33  Zealot x2  
  148  10:38  Zealot x5  
  148  10:42  Zealot x7  
  142  10:53  High Templar  
  142  10:55  Photon Cannon  
  135  10:57  Photon Cannon  
  135  10:59  Photon Cannon  
  135  11:01  High Templar x2  
  135  11:04  Protoss Ground Weapons Level 3  
  139  11:05  Dark Templar  
  139  11:10  Dark Templar  
  141  11:14  High Templar x2  
  141  11:15  High Templar x3  
  149  11:23  Photon Cannon  
  149  11:36  Zealot  
  149  11:37  Zealot x2  
  155  11:41  Warp Prism, Nexus  
  155  11:47  Probe  
  155  11:49  Zealot x4  
  158  11:59  High Templar x5  
  158  12:00  High Templar  
  158  12:01  Zealot x3  
  174  12:06  Archon  
  174  12:07  Archon x2  
  174  12:10  Warp Prism  
  174  12:14  Probe  
  177  12:25  Stargate  
  177  12:26  Pylon  
  177  12:28  Assimilator  
  177  12:29  Zealot x2  
  181  12:32  Assimilator  
  181  12:33  Pylon  
  181  12:35  Pylon  
  169  12:37  Protoss Air Weapons Level 1  
  155  12:47  Zealot x5  
  155  12:48  Zealot x2  
  169  12:56  Probe  
  169  12:58  Zealot x3  
  176  13:11  Zealot x4  
  170  13:20  Zealot x5  
  169  13:30  Zealot  
  169  13:31  Zealot x2  
  150  13:40  Immortal  
  126  13:44  Void Ray  
  126  13:47  High Templar x3  
  126  13:48  High Templar x2  
  134  13:58  Fleet Beacon  
  134  14:02  Stargate  
  134  14:09  Dark Templar  
  136  14:14  Zealot x4  
  136  14:16  Oracle  
  144  14:20  Photon Cannon  
  144  14:21  Photon Cannon  
  144  14:22  Photon Cannon  
  147  14:34  Warp Prism  
  147  14:35  Zealot x3, Tempest  
  151  14:40  Mothership  
  145  14:45  Tempest  
  151  14:55  Photon Cannon  
  154  15:06  Observer  
  159  15:10  Tempest  
  160  15:18  Dark Templar  
  165  15:22  High Templar x3  
  169  15:28  Tempest  
  168  15:53  Tempest  
  168  16:00  Zealot  
  161  16:05  Nexus  
  161  16:08  Archon  
  153  16:17  Tempest  
  152  16:24  Zealot  
  152  16:25  Zealot  
  154  16:26  Zealot, Dark Templar  
  154  16:29  Tempest  
  158  16:36  Immortal  
  165  16:47  Pylon  
  158  17:02  Zealot  
  158  17:03  Zealot  
  158  17:08  Photon Cannon  
  162  17:09  Photon Cannon, High Templar  
  162  17:11  Photon Cannon  
  164  17:23  Protoss Air Weapons Level 2  
  164  17:28  Warp Prism  
  158  17:44  Probe  
  158  17:45  Assimilator  
  158  17:49  Assimilator  
  159  17:57  Pylon  
  157  18:05  Nexus  
  157  18:09  Zealot  
  157  18:12  Pylon  
  159  18:16  Assimilator  
  157  18:21  Assimilator  
  157  18:23  Zealot x4  
  165  18:37  Nexus  
  165  18:41  High Templar x2  
  165  18:42  High Templar x2  
  165  18:44  Pylon  
  165  18:46  Archon x2  
  173  18:48  Zealot  
  173  18:55  Pylon  
  163  19:11  Zealot x6  
  175  19:28  Zealot x4  
  161  19:38  Void Ray  
  161  19:39  Void Ray  
  161  19:41  Zealot x6  
  169  19:50  Zealot x2  
  146  20:03  Dark Templar  
  135  20:23  Dark Templar  
  135  20:24  Zealot x2  
  139  20:36  Zealot x2  
  140  21:04  Oracle x2  
  143  21:31  Void Ray  
  147  21:50  Nexus  
  145  21:59  Pylon  
  143  22:13  Probe x3  
  146  22:19  Observer, High Templar x2  
  146  22:21  Zealot  
  146  22:22  Probe  
  152  22:24  Zealot  
  152  22:25  Probe x2  
  152  22:26  Archon  
  158  22:30  Probe  
  159  22:37  Probe x2  
  159  22:39  Probe  
  162  22:49  Probe  
  160  23:01  Probe  
  160  23:03  Dark Templar  
  160  23:04  Zealot x2  
  167  23:08  Probe  
  167  23:09  Probe  
  167  23:12  Dark Templar  
  169  23:28  Probe x2  
  169  23:29  Zealot x3  
  175  23:59  Probe x2  
  175  24:00  Zealot x3  
  175  24:01  Zealot  
  185  24:07  Observer  
  184  24:15  Probe x2  
  186  24:17  Assimilator, High Templar  
  186  24:20  Photon Cannon  
  186  24:21  Photon Cannon, Assimilator  
  186  24:22  Photon Cannon  
  184  24:29  Probe  
  184  24:31  Probe  
  182  24:34  Pylon x2  
  178  24:49  High Templar  
  178  24:50  High Templar  
  175  24:57  Zealot x6  
  179  25:28  Oracle  
  180  25:30  Zealot x4  
  180  25:31  Zealot x4  
  179  26:01  Oracle  
  179  26:03  Zealot x4  
  179  26:04  Zealot x2  
  172  26:12  High Templar  
  172  26:13  High Templar  
  138  26:42  Zealot x6  
  150  26:51  Carrier  
  146  27:02  Carrier  
  130  27:14  High Templar x3  
  148  27:15  Zealot  
  148  27:16  Zealot x2  
  154  27:25  High Templar  
  152  27:46  Observer  
  151  28:01  Carrier  
  151  28:04  Carrier  
  159  28:38  Photon Cannon x2  
  159  28:40  Photon Cannon  
  159  28:53  Oracle  
  147  29:12  High Templar x2  
  147  29:13  Zealot x5, Carrier  
  163  29:25  Carrier  
  144  30:02  Probe  
  145  30:12  Probe x3, Oracle  
  142  30:14  Zealot x7  
  157  30:49  Carrier x2  
  163  31:46  Observer  
  159  32:04  Zealot x6  
  150  32:27  Zealot x2  
  132  32:49  Zealot x5  
Show
View Real Time Build Order
Export as new Build Order

Zanster Zerg - Winner!

Build Orders: Hatch First, Roach Hydra 

Get SALT Encoding   

  12  0:00  Drone  
  13  0:13  Overlord  
  13  0:17  Drone  
  14  0:31  Drone x2  
  16  0:47  Drone x2  
  18  0:55  Hatchery  
  17  0:59  Drone  
  17  1:01  Extractor  
  17  1:14  Spawning Pool  
  17  1:18  Drone  
  17  1:21  Drone  
  18  1:29  Drone  
  19  1:40  Drone  
  20  1:52  Drone  
  21  2:01  Overlord  
  21  2:06  Queen  
  21  2:07  Queen  
  25  2:09  Drone  
  25  2:10  Metabolic Boost  
  25  2:13  Zergling x2  
  27  2:19  Drone  
  28  2:25  Zergling x2  
  29  2:34  Zergling x2  
  30  2:40  Hatchery  
  29  2:46  Drone x2  
  29  2:51  Queen  
  31  2:53  Drone  
  34  2:59  Overlord  
  34  3:03  Drone  
  34  3:04  Drone  
  36  3:19  Drone x7  
  43  3:22  Overlord  
  43  3:27  Drone  
  43  3:32  Spore Crawler  
  43  3:35  Drone  
  43  3:36  Overlord  
  44  3:41  Drone  
  47  3:48  Drone  
  47  3:50  Drone x2  
  47  3:51  Drone  
  47  3:52  Spore Crawler  
  50  3:57  Roach Warren  
  50  3:59  Zergling x4  
  50  4:01  Drone x4  
  53  4:03  Drone  
  54  4:11  Lair  
  54  4:12  Overlord  
  54  4:18  Drone, Extractor  
  54  4:19  Drone x2, Extractor  
  54  4:23  Zergling x6  
  58  4:28  Zergling x2  
  58  4:29  Zergling x2  
  58  4:30  Overlord  
  59  4:37  Overlord  
  59  4:41  Roach x3  
  59  4:42  Roach  
  67  4:46  Roach  
  67  4:52  Roach  
  71  4:55  Roach  
  73  5:00  Drone x8  
  73  5:05  Roach  
  79  5:12  Roach x2  
  80  5:16  Drone  
  80  5:17  Drone x2  
  83  5:22  Extractor  
  83  5:23  Roach x2  
  83  5:26  Overlord  
  83  5:27  Overlord  
  86  5:33  Overseer  
  83  5:43  Glial Reconstitution  
  83  5:44  Overseer  
  83  5:46  Drone x8  
  83  5:48  Drone  
  83  5:49  Drone x2  
  94  5:52  Drone  
  94  5:56  Overlord  
  95  5:59  Drone  
  95  6:02  Drone  
  97  6:07  Extractor  
  97  6:08  Drone, Extractor  
  97  6:09  Hydralisk Den, Drone, Evolution Chamber  
  95  6:13  Drone  
  96  6:19  Drone  
  96  6:20  Drone  
  96  6:22  Overlord  
  96  6:24  Drone  
  99  6:26  Drone  
  99  6:27  Roach x2  
  99  6:30  Overlord x4  
  104  6:34  Overlord  
  104  6:41  Hatchery  
  104  6:45  Roach x2  
  104  6:46  Roach  
  109  6:50  Roach x2  
  109  6:51  Roach  
  109  6:52  Overlord  
  115  6:59  Roach x5  
  125  7:03  Roach  
  125  7:04  Roach  
  125  7:06  Ravager  
  125  7:07  Ravager x2  
  132  7:09  Ravager  
  132  7:11  Roach x4  
  132  7:14  Overlord  
  141  7:18  Zerg Missile Weapons Level 1  
  141  7:19  Roach x4  
  141  7:21  Overlord  
  149  7:29  Overlord  
  147  7:34  Grooved Spines  
  147  7:36  Drone x7  
  154  7:38  Drone  
  154  7:42  Drone  
  155  7:44  Extractor  
  155  7:47  Drone x2  
  155  7:48  Drone x4, Extractor  
  155  7:49  Drone  
  158  7:56  Overlord  
  158  7:58  Infestation Pit  
  157  8:02  Hydralisk x6  
  169  8:07  Queen  
  171  8:12  Hydralisk  
  171  8:13  Hydralisk  
  175  8:28  Hydralisk  
  175  8:29  Hydralisk x8  
  175  8:32  Overlord  
  187  8:35  Hive  
  187  8:38  Ravager x3  
  187  8:40  Hydralisk  
  187  8:41  Hydralisk  
  184  8:48  Overlord  
  186  8:54  Hydralisk x6  
  186  8:55  Zergling x2  
  195  9:01  Hydralisk x2  
  195  9:11  Zergling x2, Roach  
  195  9:12  Zergling x2  
  195  9:16  Zerg Missile Weapons Level 2  
  199  9:18  Nydus Network  
  199  9:21  Muscular Augments  
  195  9:26  Zergling x12  
  195  9:41  Spire  
  170  9:48  Hydralisk x8  
  170  9:49  Hatchery  
  170  9:50  Overlord  
  183  9:56  Hydralisk x3  
  187  10:03  Hydralisk x3  
  181  10:15  Hydralisk  
  181  10:16  Hydralisk x3  
  178  10:25  Roach x3  
  165  10:38  Drone x4  
  165  10:39  Drone  
  165  10:41  Overseer  
  165  10:44  Drone x5  
  161  10:54  Drone x5  
  143  10:58  Nydus Canal  
  142  11:08  Greater Spire  
  142  11:10  Viper x3  
  148  11:24  Drone x8  
  148  11:25  Drone  
  151  11:36  Hydralisk x4  
  156  11:42  Overseer  
  156  11:45  Zerg Missile Weapons Level 3  
  155  12:00  Hydralisk x7  
  169  12:04  Drone x4  
  169  12:06  Drone  
  169  12:07  Drone x2  
  176  12:09  Drone  
  176  12:13  Roach x3  
  183  12:20  Overseer  
  183  12:26  Extractor  
  183  12:28  Extractor  
  179  12:30  Roach x9  
  196  12:44  Roach x8  
  190  12:48  Nydus Canal  
  189  13:10  Nydus Canal  
  172  13:22  Corruptor  
  172  13:23  Corruptor  
  172  13:24  Roach x9  
  172  13:26  Hatchery  
  115  13:42  Roach x6  
  106  14:12  Ravager x4  
  106  14:13  Hydralisk x6, Ravager  
  123  14:34  Brood Lord x2  
  125  14:46  Hydralisk x5  
  135  15:03  Roach x6  
  149  15:07  Roach  
  149  15:11  Roach  
  149  15:12  Roach  
  153  15:25  Roach  
  153  15:26  Roach x5  
  165  15:33  Roach x2  
  169  15:43  Drone x6  
  174  15:53  Overseer  
  164  16:07  Viper x2  
  159  16:16  Drone  
  159  16:17  Drone x9  
  155  16:38  Drone x5  
  153  16:45  Drone x3  
  151  16:54  Drone  
  151  16:55  Drone x2  
  151  17:00  Drone  
  155  17:07  Overseer  
  155  17:10  Drone x4  
  159  17:25  Overseer  
  158  17:42  Hydralisk x8  
  174  17:51  Nydus Canal  
  174  18:05  Hatchery  
  173  18:33  Hydralisk x10  
  193  18:44  Drone  
  193  18:45  Drone x5  
  199  18:53  Pathogen Glands  
  199  19:12  Overseer, Hatchery  
  199  19:17  Overlord x2  
  196  19:25  Nydus Canal  
  196  19:31  Overlord  
  180  19:38  Hydralisk x5  
  155  19:39  Hydralisk  
  139  19:59  Hydralisk x4  
  136  20:07  Drone  
  136  20:08  Drone x3  
  140  20:19  Nydus Canal  
  137  20:22  Drone x3  
  134  20:55  Hydralisk x4  
  139  21:11  Drone  
  139  21:12  Drone  
  141  21:34  Hydralisk x5  
  151  21:41  Drone x6  
  157  22:03  Extractor x2  
  157  22:07  Drone  
  157  22:08  Drone x13  
  169  22:27  Overlord  
  169  22:29  Extractor  
  168  22:42  Overlord  
  162  22:53  Hydralisk  
  162  22:54  Hydralisk x3  
  162  22:55  Hatchery, Overlord  
  169  22:59  Roach  
  171  23:06  Drone, Extractor  
  171  23:07  Drone x2  
  171  23:08  Drone x6, Extractor  
  178  23:36  Drone x12  
  178  23:39  Hatchery  
  178  23:40  Overlord  
  173  23:50  Roach x3  
  173  23:51  Roach x3  
  174  24:11  Roach  
  174  24:12  Roach x10  
  196  24:18  Roach x2  
  196  24:22  Zerg Ground Armor Level 1  
  190  24:53  Drone x7  
  190  24:54  Drone x3, Extractor, Spore Crawler  
  190  24:55  Extractor  
  190  24:56  Drone, Spore Crawler  
  190  24:57  Spine Crawler  
  190  24:59  Overseer  
  196  25:07  Hydralisk x2  
  196  25:13  Pneumatized Carapace  
  193  25:32  Drone x3  
  196  25:38  Overlord  
  192  25:51  Hydralisk x4  
  197  26:08  Viper x2  
  197  26:20  Hatchery  
  180  26:32  Hydralisk x4, Roach x14  
  168  26:43  Roach  
  168  26:44  Queen  
  168  26:45  Queen  
  170  26:51  Roach x5  
  178  26:57  Hydralisk x6  
  184  27:16  Drone  
  184  27:17  Drone  
  184  27:19  Extractor  
  184  27:22  Hydralisk x7  
  199  27:30  Hatchery  
  198  27:38  Zerg Ground Armor Level 2  
  198  27:47  Spine Crawler x2  
  196  27:54  Overseer x2  
  196  27:55  Overseer x2, Overlord x2  
  196  29:03  Infestor x2  
  200  29:13  Spore Crawler  
  200  29:14  Spore Crawler x2  
  200  29:15  Spore Crawler x2  
  195  29:17  Spore Crawler x2  
  195  29:19  Infestor x4  
  195  29:21  Neural Parasite  
  191  29:40  Infestor  
  191  29:41  Infestor x3  
  182  30:04  Drone x6  
  186  30:08  Overseer x2, Overlord  
  186  30:09  Overlord  
  184  30:18  Extractor  
  184  30:19  Drone  
  184  30:20  Drone x3, Spore Crawler  
  186  30:25  Infestor x2  
  184  30:31  Corruptor x8  
  200  30:54  Infestor x2  
  198  31:25  Spore Crawler  
  197  31:26  Spore Crawler x2  
  195  31:36  Extractor  
  195  31:37  Extractor  
  193  31:46  Brood Lord x3  
  199  32:01  Spore Crawler  
  199  32:03  Spore Crawler  
  199  32:04  Spore Crawler  
  199  32:05  Spore Crawler  
  184  32:09  Brood Lord x4  
  184  32:10  Infestor, Brood Lord  
  174  32:27  Roach x12  
  174  32:28  Roach  
  169  32:49  Corruptor x4  
Tags
 
Add a new tag
Caveats
  • Supply blocks, unpowered buildings, or Contaminate may cause inaccurate times.
  • Supply counts are checked every 10 seconds.